Map: King of Braxis Station

Players

MrFercho

  • Race: Zerg Zerg
  • Spawn Location: 5:00

tigro

  • Race: Terran Terran
  • Spawn Location: 6:00

IA (Difícil)

  • Race: Protoss Protoss
  • Spawn Location: 12:00

sabine

  • Race: Zerg Zerg
  • Spawn Location: 3:00

Locke

  • Race: Zerg Zerg
  • Spawn Location: 11:00

VOD

Have the link to the VOD?

Description

Time

  • Played on: Aug. 23, 2019, 12:14 a.m.
  • Length: 50:41
Show
View Real Time Build Order
Export as new Build Order

MrFercho Zerg 

Build Orders: 1 Base Baneling Bust, Pool First, Muta Ling Bane 

Get SALT Encoding   

  12  0:05  Drone  
  13  0:15  Overlord  
  13  0:26  Extractor  
  12  0:29  Drone x2  
  12  0:34  Drone  
  15  0:51  Spawning Pool, Drone  
  15  1:01  Drone  
  16  1:14  Drone  
  16  1:15  Drone  
  18  1:25  Overlord  
  18  1:38  Queen  
  20  1:40  Zergling x2  
  21  1:53  Extractor  
  20  2:05  Roach Warren  
  20  2:08  Drone x3  
  22  2:34  Lair  
  22  2:36  Metabolic Boost  
  22  2:42  Zergling x4  
  22  2:43  Zergling x2  
  25  3:00  Evolution Chamber  
  25  3:03  Drone  
  25  3:04  Drone x2  
  29  3:05  Roach  
  29  3:44  Overlord x2  
  29  3:45  Zergling x2  
  30  3:55  Baneling Nest  
  29  3:59  Zerg Melee Weapons Level 1  
  29  4:05  Tunneling Claws  
  29  4:11  Burrow  
  29  4:36  Evolution Chamber  
  28  4:43  Drone x3  
  31  5:24  Queen  
  33  5:31  Roach x2  
  37  5:46  Zerg Missile Weapons Level 1  
  37  5:51  Centrifical Hooks  
  37  5:53  Zerg Ground Armor Level 1  
  37  6:01  Drone x3  
  40  6:13  Infestation Pit  
  39  6:23  Spire  
  38  7:04  Swarm Host  
  38  7:06  Overlord  
  41  7:08  Zergling x4  
  41  7:10  Drone  
  44  7:32  Hatchery  
  44  7:36  Hive  
  43  7:48  Overlord x3  
  43  7:51  Glial Reconstitution  
  43  7:54  Zerg Melee Weapons Level 2  
  43  8:18  Hydralisk Den  
  42  8:47  Overseer  
  42  9:22  Mutalisk x2  
  42  9:23  Hydralisk x2  
  50  9:24  Zergling x4  
  52  9:37  Extractor x2  
  47  11:02  Pneumatized Carapace  
  47  11:06  Drone x2  
  47  11:08  Mutalisk x3  
  55  11:11  Roach  
  55  11:18  Drone x3  
  59  11:19  Hatchery  
  59  11:27  Unknown  
  59  11:29  Unknown  
  57  11:57  Drone  
  57  11:58  Drone x2  
  60  12:04  Drone  
  60  12:05  Drone x5  
  10  13:02  Drone x5  
  10  13:03  Drone  
  16  13:07  Drone  
  16  13:08  Drone x2  
  19  13:15  Drone x3  
  19  13:18  Lair  
  22  13:30  Hatchery  
  21  13:38  Extractor x2  
  19  13:52  Spine Crawler  
  18  14:12  Drone x2  
  18  14:13  Drone  
  21  14:17  Lair  
  21  14:23  Drone x3  
  24  14:35  Spawning Pool  
  23  14:42  Drone x2  
  14  15:27  Overlord  
  14  16:07  Overlord x2  
  14  16:24  Queen  
  16  16:35  Drone x3  
  19  17:00  Queen  
  21  17:14  Drone x2  
  21  17:15  Drone  
  24  17:48  Hydralisk Den, Drone  
  24  17:50  Zergling x4  
  26  18:44  Hydralisk x2  
  26  18:48  Overlord  
  30  19:55  Zergling x12  
  30  19:56  Zergling x2  
  37  20:00  Hatchery  
  34  21:19  Extractor  
  34  21:23  Extractor  
  23  21:50  Zergling x6  
  26  22:01  Drone x3  
  29  22:37  Hydralisk x2  
  29  22:38  Zergling x2  
  29  22:39  Zergling x4  
  36  22:45  Drone x3  
  39  22:52  Drone  
  39  22:53  Drone x2  
  42  23:09  Zergling x2  
  43  23:47  Lair  
  43  23:49  Drone  
  44  23:56  Overlord x2  
  44  24:32  Hydralisk x2  
  44  24:33  Zergling x2  
  44  24:34  Zergling x12  
  44  24:35  Zergling x4  
  42  25:19  Zergling x2  
  42  25:20  Zergling x10  
  39  25:37  Drone x3  
  38  26:11  Spire  
  37  26:19  Infestation Pit  
  37  26:22  Drone x2  
  38  26:45  Overlord, Drone  
  38  26:46  Drone  
  34  27:09  Swarm Host x2  
  40  27:36  Hive  
  40  27:43  Mutalisk x3  
  40  27:44  Mutalisk x3  
  44  27:45  Mutalisk x3  
  58  27:59  Drone x3  
  35  28:36  Mutalisk  
  35  28:37  Mutalisk x5  
  47  28:54  Ultralisk Cavern  
  46  29:00  Overlord  
  46  29:06  Corruptor x2  
  46  29:09  Corruptor  
  52  29:33  Queen  
  54  29:56  Ultralisk x2  
  54  29:59  Overlord  
  66  30:08  Queen  
  52  30:28  Drone x2  
  53  30:39  Overseer  
  53  30:42  Overseer  
  53  31:21  Drone x3  
  56  31:46  Drone  
  56  31:47  Drone  
  58  32:29  Overseer  
  46  33:06  Spire  
  45  33:36  Zergling x4  
  45  33:37  Zergling x2  
  48  33:51  Drone  
  44  34:11  Drone  
  45  34:42  Drone x2  
  45  34:43  Drone  
  2  35:34  Swarm Host  
  8  35:43  Hatchery  
  3  37:45  Drone  
  3  37:46  Drone  
  5  38:07  Hatchery  
  3  41:08  Overseer  
  3  41:38  Overseer  
Show
View Real Time Build Order
Export as new Build Order

tigro Terran 

Build Orders:  

Get SALT Encoding   

  12  0:04  SCV  
  13  0:16  SCV  
  14  0:23  Supply Depot  
  14  0:28  SCV  
  14  0:30  Refinery  
  15  0:38  Refinery  
  15  0:54  SCV  
  15  0:56  Barracks  
  16  1:06  SCV  
  17  1:46  Barracks, Marine  
  18  2:04  Marine  
  19  2:21  Marine  
  20  2:33  Orbital Command  
  20  2:37  Engineering Bay  
  20  2:39  Marine  
  20  2:41  Barracks Tech Lab  
  21  2:57  Marine  
  22  3:04  Supply Depot  
  22  3:15  Marine  
  23  3:24  Combat Shield  
  23  3:25  Marauder  
  25  3:33  Marine  
  26  3:47  Marauder  
  28  3:50  Marine  
  29  4:01  Factory  
  29  4:08  Marauder  
  31  4:11  Barracks Tech Lab  
  31  4:43  Stimpack  
  31  4:49  Missile Turret  
  31  4:56  Factory Tech Lab  
  31  5:26  Supply Depot  
  31  5:32  Marine  
  32  5:49  Infernal Pre-Igniter, Marine  
  32  5:54  Marine, Missile Turret  
  34  6:07  Marine  
  35  6:12  Marine  
  35  6:17  Missile Turret  
  36  6:20  SCV  
  36  6:23  Concussive Shells  
  36  6:25  Marine  
  37  6:30  Marine  
  37  6:32  SCV  
  40  6:33  Terran Infantry Weapons Level 1  
  40  6:43  Marine  
  41  6:47  Marine  
  41  6:51  Missile Turret  
  42  7:01  Marine  
  43  7:05  Marine  
  43  7:08  Mag-Field Accelerator  
  44  7:11  Missile Turret  
  44  7:19  Marine  
  45  7:24  Marauder  
  47  7:35  Missile Turret  
  47  7:36  Marine  
  48  7:45  Marauder  
  50  7:54  Marine  
  50  7:56  Missile Turret  
  51  8:06  Marine  
  51  8:12  Marine  
  53  8:24  Marine  
  54  8:27  Terran Infantry Armor Level 1  
  54  8:30  Marine  
  54  8:32  Armory, Siege Tank  
  58  8:41  Marine  
  58  8:48  Marine  
  60  8:59  Marine  
  61  9:05  Marine  
  62  9:17  Marine  
  62  9:22  Supply Depot  
  63  9:44  Siege Tank, SCV  
  67  9:56  SCV  
  68  10:08  SCV  
  69  10:20  SCV  
  69  10:21  Neosteel Armor  
  70  11:12  Starport  
  70  11:48  Terran Vehicle Weapons Level 1  
  70  11:50  Starport  
  70  12:01  Hi-Sec Auto Tracking  
  70  12:08  Medivac  
  72  12:30  Fusion Core  
  72  12:58  Terran Infantry Weapons Level 2  
  71  13:42  Terran Vehicle And Ship Armor Level 1  
  71  13:47  Starport Tech Lab  
  71  13:49  Starport Tech Lab  
  71  13:59  Marine  
  72  14:07  Weapon Refit  
  72  14:16  Marine  
  73  14:28  Missile Turret  
  73  14:34  Marine  
  74  14:52  Marine  
  74  15:10  Marine  
  74  15:13  Terran Infantry Armor Level 2  
  74  15:37  Terran Ship Weapons Level 1  
  74  16:13  Medivac  
  76  16:29  Rapid Reignition System  
  76  16:33  Missile Turret  
  72  17:09  Marine  
  72  17:12  Marine  
  74  17:18  Siege Tank  
  77  17:25  Corvid Reactor  
  77  17:27  Marine  
  77  17:29  Marine  
  78  17:37  Supply Depot  
  79  17:42  Terran Vehicle And Ship Armor Level 2  
  79  17:58  Marine x2, Siege Tank  
  81  18:03  Missile Turret  
  84  18:16  Marine x2  
  86  18:34  Marine  
  87  18:44  Cloaking Field, Missile Turret  
  87  19:18  Missile Turret  
  87  19:34  Marine, Siege Tank  
  91  19:58  Terran Vehicle Weapons Level 2  
  91  20:03  Hyperflight Rotors  
  91  20:06  Siege Tank  
  67  22:03  Advanced Ballistics  
  67  22:14  Terran Ship Weapons Level 2  
  67  22:46  Marine  
  67  22:50  Marine  
  69  23:04  Marine  
  70  23:08  Marine  
  71  23:22  Marine  
  71  23:26  Marine  
  73  23:39  Marine  
  74  23:44  Marine  
  75  23:57  Marine  
  75  24:01  Marine  
  77  24:04  Medivac  
  77  24:08  Battlecruiser  
  85  24:35  Battlecruiser  
  66  25:12  Battlecruiser  
  55  25:25  Marine  
  56  25:29  Marine  
  57  25:39  Battlecruiser  
  57  25:40  Terran Vehicle Weapons Level 3  
  63  25:43  Marine  
  63  25:47  Marine  
  65  26:01  Marine  
  66  26:04  Marine  
  66  26:06  Missile Turret  
  67  26:17  Battlecruiser  
  73  26:19  Marine  
  73  26:22  Marine  
  75  26:37  Marine  
  76  26:40  Marine  
  77  26:54  Marine  
  77  26:58  Marine  
  78  27:12  Marine  
  79  27:16  Marine  
  79  27:21  Battlecruiser  
  71  27:30  Marine  
  71  27:33  Marine  
  73  27:51  Marine  
  74  28:17  Terran Vehicle And Ship Armor Level 3  
  74  28:25  Battlecruiser  
  62  29:03  Marine  
  62  29:05  Marine  
  64  29:10  Medivac  
  66  29:21  Marine  
  66  29:23  Marine  
  59  29:39  Marine  
  59  29:41  Marine  
  55  29:56  Marine  
  55  29:59  Marine  
  57  30:14  Marine  
  57  30:17  Marine, Missile Turret  
  59  30:30  Thor  
  59  30:34  Marine  
  66  30:39  Marine  
  67  30:43  Medivac  
  67  30:45  Medivac  
  71  30:52  Marine  
  71  30:54  Terran Ship Weapons Level 3  
  71  30:57  Marine  
  73  31:06  Supply Depot  
  73  31:09  Marine  
  74  31:13  Thor  
  74  31:14  Marine  
  81  31:27  Marine  
  81  31:32  Marine  
  82  31:35  Missile Turret  
  83  31:45  Marine  
  84  31:50  Marine  
  70  31:56  Thor  
  69  32:30  Marine  
  69  32:33  Marine  
  71  32:39  Thor  
  77  32:48  Marine  
  77  32:51  Marine  
  79  33:06  Marine  
  79  33:09  Marine  
  79  33:10  Raven  
  83  33:21  Thor  
  83  33:23  Marine  
  83  33:26  Marine  
  91  33:39  Banshee  
  94  33:41  Marine  
  94  33:44  Marine  
  96  33:59  Marine  
  96  34:02  Marine  
  98  34:22  Banshee  
  101  35:05  Banshee  
  53  35:42  Marine  
  53  35:47  Marine  
  53  35:48  Banshee  
  48  36:00  Marine  
  40  36:04  Marine  
  37  36:18  Marine  
  33  36:22  Marine  
  35  36:31  Banshee  
  37  36:36  Marine  
  38  36:40  Marine  
  39  36:54  Marine  
  39  36:58  Marine  
  41  37:12  Marine  
  42  37:16  Marine, Siege Tank  
  46  37:29  Marine  
  46  37:33  Marine  
  48  37:41  Missile Turret  
  48  37:47  Marine  
  48  37:48  Siege Tank  
  52  37:51  Marine  
  53  38:05  Marine  
  54  38:09  Medivac, Marine  
  54  38:11  Missile Turret  
  57  38:23  Marine  
  57  38:25  Terran Infantry Weapons Level 3  
  58  38:27  Marine  
  59  38:41  Marine, Missile Turret  
  60  38:45  Marine  
  61  38:58  Marine  
  62  39:02  Marine  
  63  39:16  Marine  
  64  39:20  Marine  
  65  39:26  Viking  
  65  39:29  Viking  
  69  39:34  Marine  
  70  39:38  Marine  
  71  39:52  Marine  
  72  39:56  Medivac, Marine  
  72  39:59  Viking  
  77  40:04  Missile Turret  
  68  40:10  Marine  
  68  40:14  Marine  
  37  40:26  Viking  
  37  40:27  Marine  
  40  40:29  Viking  
  40  40:32  Marine  
  43  40:37  Missile Turret  
  43  40:40  Siege Tank  
  46  40:45  Marine  
  46  40:49  Marine  
  47  40:56  Medivac  
  50  40:59  Viking  
  50  41:02  Terran Infantry Armor Level 3  
  50  41:03  Marine  
  52  41:07  Marine  
  56  41:21  Marine  
  56  41:25  Marine  
  58  41:26  Medivac  
  58  41:29  Viking  
  59  41:35  Missile Turret  
  59  41:39  Marine  
  57  41:43  Marine  
  54  41:57  Marine  
  54  42:01  Marine  
  55  42:14  Marine  
  54  42:18  Marine  
  55  42:36  Marine  
  56  42:44  Marine  
  57  42:54  Marine  
  57  42:57  Refinery  
  58  43:02  Marine  
  59  43:11  Missile Turret  
  59  43:12  Marine  
  60  43:19  Marine  
  56  43:30  Marine  
  52  43:37  Marine  
  52  43:47  Marine  
  48  43:55  Marine  
  35  44:05  Marine  
  36  44:13  Marine  
  36  44:15  SCV  
  38  44:17  Factory  
  38  44:23  Marine  
  38  44:27  SCV  
  38  44:31  Marine  
  26  44:39  SCV  
  26  44:41  Marine  
  28  44:50  Viking  
  28  44:52  SCV  
  32  44:59  Marine  
  33  45:04  SCV  
  26  45:20  Viking  
  28  45:35  Barracks Tech Lab  
  24  45:50  Viking  
  26  46:05  Missile Turret  
  25  46:20  Viking  
  27  46:47  Missile Turret  
  27  46:50  Viking  
  27  46:52  SCV  
  30  47:04  SCV  
  27  47:16  SCV  
  27  47:20  Viking  
  30  47:28  SCV  
  28  47:41  SCV  
  28  47:42  Refinery  
  31  47:53  SCV  
  21  48:12  SCV  
  11  48:24  SCV  
  2  48:36  SCV  
Show
View Real Time Build Order
Export as new Build Order

IA (Difícil) Protoss 

Build Orders:  

Get SALT Encoding   

  12  0:00  Probe  
  13  0:13  Probe  
  14  0:19  Pylon  
  14  0:25  Probe  
  15  0:33  Probe  
  15  0:41  Probe  
  16  0:46  Assimilator  
  16  0:48  Gateway  
  17  0:51  Probe  
  18  0:59  Probe  
  18  1:02  Pylon  
  19  1:16  Probe  
  20  1:37  Zealot  
  20  1:39  Gateway  
  22  1:41  Cybernetics Core  
  22  1:43  Assimilator  
  22  1:57  Zealot  
  22  2:00  Pylon  
  22  2:06  Warp Gate  
  24  2:21  Stalker  
  24  2:29  Stalker  
  28  2:50  Pylon  
  28  2:51  Stalker  
  28  2:54  Probe  
  31  2:59  Adept  
  33  3:06  Probe  
  34  3:16  Forge  
  34  3:19  Probe  
  35  3:21  Stalker  
  37  3:29  Stalker  
  37  3:31  Probe  
  40  3:36  Pylon  
  40  3:43  Probe  
  41  3:55  Probe  
  42  5:03  Adept, Protoss Ground Weapons Level 1, Probe  
  42  5:06  Gateway  
  45  5:09  Photon Cannon  
  45  5:11  Sentry, Robotics Facility  
  47  5:17  Pylon  
  47  5:18  Photon Cannon  
  47  5:19  Probe  
  47  5:20  Adept  
  48  5:33  Adept, Stargate  
  40  5:42  Stalker  
  42  5:50  Stalker  
  44  5:59  Observer  
  44  6:00  Stalker  
  47  6:08  Zealot  
  47  6:09  Forge  
  49  6:17  Adept  
  51  6:20  Observer  
  51  6:21  Twilight Council  
  52  6:26  Adept  
  54  6:34  Sentry  
  56  7:01  Sentry  
  38  7:10  Adept  
  34  7:19  Adept, Probe  
  33  7:27  Sentry  
  34  7:31  Probe  
  34  7:36  Zealot  
  26  7:43  Probe  
  20  7:44  Zealot  
  19  7:53  Stalker, Pylon  
  19  7:55  Probe  
  19  7:58  Stalker  
  9  8:06  Stalker  
  9  8:07  Probe  
  11  8:16  Adept  
  14  8:20  Probe  
  14  8:25  Zealot  
  16  8:32  Probe  
  16  8:33  Adept  
  19  8:44  Probe  
  20  8:56  Probe  
  20  8:59  Gateway  
  21  9:08  Probe  
  22  9:14  Robotics Facility  
  22  9:20  Probe  
  23  9:28  Probe  
  23  9:36  Probe  
  25  9:46  Probe  
  26  9:59  Probe  
  27  10:01  Stargate  
  27  10:11  Probe  
  28  10:21  Stalker  
  28  10:23  Probe  
  31  10:35  Probe  
  32  10:47  Probe  
  33  10:57  Immortal  
  33  10:59  Probe  
  38  11:11  Probe  
  38  11:12  Phoenix  
  41  11:23  Probe  
  42  11:32  Probe  
  42  11:37  Robotics Bay  
  43  11:40  Probe  
  44  11:58  Warp Prism  
  46  12:10  Warp Prism  
  48  12:33  Disruptor  
  51  12:37  Stalker, Warp Prism  
  53  12:47  Stalker  
  57  12:55  Sentry  
  59  13:02  Pylon  
  59  13:09  Disruptor  
  62  13:14  Observer  
  63  13:24  Zealot  
  65  13:32  Pylon  
  65  13:37  Fleet Beacon  
  65  13:59  Pylon  
  45  14:20  Stalker  
  47  14:25  Zealot  
  47  14:30  Stalker  
  51  14:36  Carrier  
  57  14:40  Stalker  
  59  14:48  Stalker  
  61  14:57  Stalker  
  63  15:06  Stalker  
  65  15:25  Observer  
  65  15:39  Sentry  
  67  15:56  Sentry  
  69  16:02  Adept  
  71  16:23  Void Ray  
  75  16:52  Stalker x2  
  75  17:05  Colossus  
  75  17:08  Pylon  
  81  17:25  Immortal  
  85  17:34  Pylon  
  85  17:50  Probe  
  86  17:59  Probe  
  86  18:01  Colossus  
  93  18:09  Pylon  
  93  18:28  Stalker x2  
  93  18:48  Carrier  
  99  18:53  Pylon  
  99  19:00  Adept  
  89  19:05  Zealot  
  91  19:11  Stalker  
  82  19:17  Zealot  
  82  19:23  Sentry  
  70  19:33  Observer  
  71  19:47  Observer  
  72  19:56  Stalker  
  74  20:05  Stalker  
  76  20:20  Observer  
  77  20:26  Zealot  
  71  20:32  Zealot  
  47  20:38  Stalker  
  43  20:44  Stalker  
  45  20:50  Stalker  
  45  20:54  Zealot  
  39  21:01  Stalker  
  41  21:07  Zealot  
  39  21:13  Zealot  
  39  21:16  Zealot  
  41  21:21  Zealot  
  41  21:25  Zealot  
  43  21:29  Pylon  
  42  21:33  Zealot  
  42  21:36  Zealot  
  43  21:40  Stalker  
  43  21:42  Pylon  
  43  21:44  Stalker  
  35  21:53  Probe  
  33  21:56  Zealot  
  29  22:03  Zealot  
  29  22:05  Probe  
  29  22:07  Zealot  
  26  22:10  Gateway  
  26  22:13  Cybernetics Core  
  26  22:17  Pylon, Probe  
  25  22:23  Zealot  
  6  23:04  Zealot  
  3  23:24  Zealot  
  3  23:44  Zealot  
Show
View Real Time Build Order
Export as new Build Order

sabine Zerg 

Build Orders: Hatch First 

Get SALT Encoding   

  12  0:02  Drone  
  13  0:07  Drone  
  14  0:19  Extractor, Drone  
  15  0:43  Hatchery, Overlord  
  15  0:47  Extractor  
  13  0:51  Extractor, Drone  
  14  1:00  Extractor, Drone  
  15  1:08  Drone  
  15  1:09  Drone  
  17  1:18  Spawning Pool  
  16  1:21  Drone  
  17  1:35  Drone  
  18  1:45  Drone  
  19  1:51  Drone  
  20  1:56  Drone  
  21  2:05  Metabolic Boost  
  21  2:06  Queen  
  23  2:18  Queen  
  25  2:23  Zergling x4  
  25  2:25  Zergling x2  
  28  2:38  Overlord  
  28  2:39  Overlord  
  28  2:46  Baneling Nest  
  27  3:04  Zergling x6  
  28  3:12  Queen  
  30  3:16  Spine Crawler  
  26  3:22  Zergling x2  
  26  3:23  Zergling x12  
  33  3:33  Drone  
  34  3:36  Zergling x6  
  37  3:49  Zergling x4  
  37  3:51  Baneling x2  
  38  4:22  Drone x2  
  38  4:23  Drone x4  
  38  4:24  Overlord  
  43  4:38  Overlord  
  43  4:39  Overlord  
  43  4:40  Lair  
  43  4:43  Extractor  
  37  5:03  Zergling x2  
  37  5:04  Zergling x6  
  41  5:08  Baneling  
  41  5:09  Baneling x2  
  41  5:12  Baneling  
  41  5:13  Drone x3  
  41  5:14  Drone x2  
  46  5:20  Evolution Chamber  
  44  5:22  Evolution Chamber  
  33  5:37  Zergling x8  
  36  5:46  Hatchery  
  36  5:49  Zergling x2  
  36  5:50  Zergling x10  
  36  5:51  Baneling x4  
  36  5:52  Baneling  
  41  6:03  Zerg Melee Weapons Level 1  
  41  6:04  Zerg Ground Armor Level 1  
  41  6:06  Drone  
  42  6:19  Zergling x8  
  42  6:20  Zergling x4  
  47  6:33  Drone x3  
  47  6:34  Drone  
  51  6:48  Zergling x14  
  56  7:05  Zergling x4  
  56  7:06  Zergling x6  
  50  7:24  Baneling x2  
  50  7:25  Baneling x4  
  50  7:29  Drone x3  
  53  7:30  Drone x2  
  40  8:15  Spire  
  40  8:16  Drone x11  
  40  8:18  Spire  
  40  8:19  Zerg Melee Weapons Level 2  
  49  8:23  Unknown x2  
  49  8:26  Unknown x2  
  45  8:37  Hydralisk Den  
  45  8:39  Evolution Chamber, Drone x5  
  48  8:45  Spore Crawler  
  47  8:56  Drone x6  
  53  9:04  Zerg Missile Weapons Level 1  
  53  9:05  Zerg Ground Armor Level 2  
  53  9:11  Muscular Augments  
  53  9:12  Hydralisk x2  
  53  9:15  Drone  
  58  9:21  Queen  
  58  9:23  Hydralisk x3  
  58  9:24  Hydralisk x3  
  72  9:32  Drone  
  72  9:34  Overlord  
  72  9:35  Overlord x2  
  73  10:05  Hydralisk  
  73  10:06  Hydralisk x3  
  68  10:18  Zergling x6  
  67  10:22  Grooved Spines  
  67  10:25  Infestation Pit  
  67  10:27  Zerg Flyer Weapons Level 1  
  66  10:28  Zerg Flyer Armor Level 1  
  66  10:41  Centrifical Hooks  
  66  10:43  Baneling, Lurker Den  
  66  10:44  Baneling x4  
  66  10:45  Burrow  
  65  10:53  Zergling x2  
  65  10:54  Zergling x8  
  68  11:05  Hive  
  68  11:29  Zerg Missile Weapons Level 2  
  68  11:33  Zergling x10  
  68  11:34  Zergling x2  
  68  11:35  Zergling x4  
  74  12:23  Hatchery  
  74  12:25  Zerg Melee Weapons Level 3  
  66  13:32  Hydralisk  
  66  13:33  Hydralisk x4  
  76  13:35  Hydralisk x3  
  80  13:43  Drone x21, Spine Crawler  
  80  13:46  Spine Crawler  
  80  13:47  Spine Crawler  
  77  13:48  Spine Crawler x2  
  77  13:50  Hydralisk x2  
  74  14:01  Queen  
  74  14:02  Queen  
  64  14:16  Drone x3  
  64  14:17  Drone x4  
  69  14:18  Queen  
  69  14:19  Drone x3  
  74  14:38  Hydralisk x11  
  74  14:48  Zerg Flyer Weapons Level 2  
  74  15:27  Zerg Flyer Armor Level 2  
  71  15:34  Extractor x2  
  71  15:35  Drone x3  
  71  15:43  Overseer  
  71  15:58  Baneling x5  
  71  15:59  Baneling  
  71  16:19  Baneling x6  
  71  16:24  Drone  
  71  16:25  Drone x4  
  75  16:51  Adaptive Talons  
  47  16:55  Pathogen Glands  
  47  16:56  Hydralisk x6  
  53  17:02  Drone x5  
  53  17:03  Drone x2  
  60  17:09  Hatchery  
  60  17:10  Hatchery, Drone x4  
  60  17:11  Drone  
  60  17:13  Hatchery  
  60  17:15  Infestor  
  62  17:19  Drone x9  
  56  17:37  Hydralisk x3  
  56  17:41  Overlord  
  62  17:50  Pneumatized Carapace  
  62  17:58  Drone  
  62  18:00  Lurker  
  63  18:16  Hatchery  
  62  18:29  Overseer  
  59  19:13  Drone x9  
  59  19:15  Hydralisk  
  59  19:16  Hydralisk x6  
  65  19:30  Extractor  
  64  19:33  Extractor  
  63  19:40  Infestor  
  65  19:54  Zergling x20  
  65  19:55  Zergling x8  
  79  20:06  Drone x3  
  79  20:07  Queen  
  84  20:36  Infestor x2  
  84  20:37  Hydralisk  
  84  20:41  Zergling x12  
  96  20:45  Drone  
  96  20:46  Drone x3  
  96  20:47  Overlord  
  96  20:48  Overlord  
  99  20:50  Zerg Missile Weapons Level 3  
  99  21:21  Zerg Ground Armor Level 3  
  99  21:27  Drone x5  
  104  21:33  Overlord x2  
  104  21:34  Drone x2  
  106  21:44  Lurker x2  
  106  21:45  Hydralisk  
  110  21:53  Roach Warren  
  109  22:13  Adrenal Glands  
  109  22:15  Hydralisk x2  
  109  22:21  Drone  
  114  22:39  Drone  
  114  22:55  Spine Crawler  
  114  22:57  Greater Spire  
  113  22:58  Zerg Flyer Weapons Level 3  
  113  22:59  Hydralisk  
  113  23:00  Hydralisk  
  117  23:18  Neural Parasite  
  117  23:27  Overlord x3  
  117  23:35  Drone x4  
  117  23:36  Drone  
  122  23:46  Spine Crawler  
  122  23:47  Drone  
  121  23:49  Spine Crawler  
  121  23:52  Spine Crawler  
  119  23:57  Corruptor, Spine Crawler  
  120  24:03  Hatchery  
  120  24:18  Drone  
  120  24:33  Hatchery  
  119  24:46  Spine Crawler  
  119  24:49  Baneling x7  
  119  24:50  Baneling x2  
  115  25:11  Brood Lord  
  115  25:12  Corruptor x3  
  122  25:33  Infestor  
  124  25:35  Zerg Flyer Armor Level 3  
  124  26:08  Glial Reconstitution  
  124  26:13  Ultralisk Cavern  
  123  26:22  Overlord x4  
  123  26:24  Drone x3  
  126  26:31  Drone x3  
  129  26:43  Hatchery  
  128  26:50  Hatchery  
  126  27:04  Drone  
  126  27:05  Drone x2, Unknown  
  126  27:06  Queen, Unknown  
  129  27:08  Unknown  
  128  27:27  Tunneling Claws  
  128  27:36  Infestor  
  128  27:37  Infestor x2  
  132  27:56  Hatchery  
  132  27:57  Drone  
  132  28:06  Drone  
  132  28:10  Drone x3  
  133  28:21  Spine Crawler  
  129  28:42  Queen  
  125  28:51  Brood Lord x3, Corruptor x2  
  125  28:52  Corruptor x4  
  125  28:53  Corruptor x2  
  147  29:07  Drone x3  
  147  29:09  Drone  
  151  29:13  Drone x3  
  154  29:17  Extractor  
  154  29:23  Drone  
  154  29:36  Baneling  
  154  29:37  Baneling x13  
  147  30:15  Hatchery  
  137  30:26  Drone x3  
  137  30:28  Extractor  
  138  30:29  Extractor  
  138  30:30  Spine Crawler  
  138  30:31  Drone x2  
  138  30:32  Drone  
  138  30:34  Extractor  
  138  30:41  Drone x2  
  138  30:42  Drone x6  
  146  30:46  Unknown  
  146  30:49  Chitinous Plating  
  145  31:00  Drone x3  
  148  31:06  Drone x3  
  148  31:08  Drone x3  
  153  31:15  Infestor x4  
  153  31:16  Infestor x2  
  153  31:27  Drone x3  
  156  31:42  Drone  
  156  31:46  Zergling x14  
  156  31:47  Zergling x36  
  170  32:08  Anabolic Synthesis  
  167  32:41  Zergling x2  
  167  32:42  Zergling x26  
  161  32:50  Zergling x2  
  161  32:51  Zergling x32  
  167  32:52  Zergling x2  
  178  33:04  Infestor x2  
  178  33:05  Viper x2  
  188  33:06  Viper x2  
  194  33:17  Drone x3  
  194  33:19  Extractor  
  196  33:21  Extractor  
  195  33:31  Baneling x3  
  195  33:33  Drone x2  
  195  33:34  Drone  
  198  33:45  Drone  
  198  33:47  Nydus Network  
  197  34:10  Drone x3  
  197  34:12  Extractor  
  197  34:13  Drone  
  197  34:14  Extractor  
  145  36:41  Zergling x20  
  145  36:42  Zergling x6  
  158  36:54  Drone x3  
  158  36:56  Spine Crawler  
  158  36:59  Spine Crawler  
  159  37:13  Drone  
  160  38:41  Hydralisk x3  
  160  38:42  Hydralisk x9  
  160  38:43  Hydralisk x4  
  180  40:27  Lurker x3  
  180  40:28  Lurker  
  170  41:08  Baneling  
  170  41:09  Baneling x18  
  170  41:28  Infestor x4  
  153  42:35  Infestor  
  153  42:40  Infestor x2  
  153  42:44  Infestor  
  153  42:49  Infestor  
  153  42:52  Infestor  
  152  44:16  Brood Lord x2  
  156  44:18  Zergling x2  
  156  44:19  Zergling x30  
  172  44:25  Zergling x4  
  172  44:26  Zergling x30  
  189  45:31  Baneling  
  189  45:32  Baneling x25  
  189  45:33  Baneling x30  
  189  45:34  Baneling x10  
  189  45:35  Zergling x2  
  190  45:36  Zergling x20  
  200  45:49  Zergling x2  
  200  45:50  Zergling x6  
  194  45:58  Zergling x12  
  194  46:02  Baneling  
  194  46:03  Baneling x21  
  200  46:17  Baneling x14  
  200  46:20  Baneling x3  
  200  46:21  Baneling x5  
  200  46:24  Baneling  
  200  46:25  Baneling x11  
  200  46:45  Infestor  
  147  48:35  Command Center  
  147  48:47  Infestor x3  
  147  48:48  Infestor x5  
  163  49:53  Supply Depot  
  163  49:54  SCV  
  164  50:08  SCV  
  165  50:20  SCV  
  166  50:27  Barracks  
  166  50:34  Engineering Bay  
  166  50:38  Engineering Bay  
Show
View Real Time Build Order
Export as new Build Order

Locke Zerg 

Build Orders: Pool First 

Get SALT Encoding   

  12  0:10  Overlord  
  13  0:28  Drone x2  
  13  0:33  Drone  
  15  0:50  Spawning Pool  
  15  0:52  Drone x2  
  16  1:13  Overlord  
  16  1:26  Drone  
  16  1:27  Drone  
  18  1:41  Extractor  
  18  1:45  Extractor, Queen  
  18  1:47  Zergling x4  
  20  2:06  Drone  
  21  2:08  Drone  
  22  2:26  Drone  
  23  2:43  Drone x2  
  24  3:12  Hatchery  
  23  3:14  Hatchery  
  23  3:15  Drone x3  
  23  3:18  Metabolic Boost  
  24  3:25  Zergling x4  
  26  3:52  Zergling x2  
  26  3:53  Zergling x8  
    4:27  Zergling x8  
    4:28  Zergling x2  
    4:31  Zergling x4  
  6  4:52  Drone x3  
Tags
 
Add a new tag
Caveats
  • Supply blocks, unpowered buildings, or Contaminate may cause inaccurate times.
  • Supply counts are checked every 10 seconds.